 Dungeon Crawl Stone Soup version 0.24-a0-512-g2b48af375b (webtiles) character file.

Game seed: 11557903083427943332

0 Gargoyl the Skirmisher (level 1, -5/19 HPs)
             Began as a Centaur Abyssal Knight on July 20, 2019.
             Was a Follower of Lugonu.
             Killed from afar by a starcursed mass (7 damage)
             ... with an accursed screaming
             ... on level 2 of the Abyss.
             The game lasted 00:00:49 (217 turns).

Gargoyl the Skirmisher (Centaur Abyssal Knight)      Turns: 217, Time: 00:00:50

Health: -5/19      AC:  4    Str: 14    XL:     1   Next: 0%
Magic:  2/2        EV:  9    Int: 16    God:    Lugonu [*.....]
Gold:   46         SH:  0    Dex:  8    Spells: 0/0 levels left

rFire    . . .     SeeInvis .   a - +1 hand axe
rCold    . . .     Gourm    .   (no shield)
rNeg     . . .     Faith    .   b - +0 leather armour
rPois    .         Spirit   .   (no helmet)
rElec    .         Reflect  .   (no cloak)
rCorr    .         Harm     .   (no gloves)
MR       .....                  (no barding)
Stlth    ..........             (no amulet)
HPRegen  0.06/turn              (no ring)
MPRegen  0.08/turn              (no ring)

@: brilliant, very quick
A: large, hooves 3, deformed body, speed 2, tough skin 3
a: Depart the Abyss, Renounce Religion


You were on level 2 of the Abyss.
You worshipped Lugonu.
Lugonu was aware of your devotion.
You were not hungry.

You visited 0 branches of the dungeon, and saw 0 of its levels.
You visited the Abyss 1 time.

You collected 46 gold pieces.

Inventory:

Hand Weapons
 a - a +1 hand axe (weapon)
Armour
 b - a +0 leather armour (worn)
Comestibles
 c - 3 rations


   Skills:
 + Level 3.0 Fighting
 + Level 1.7 Axes
 + Level 1.3 Armour
 + Level 0.6 Dodging
 + Level 2.0 Invocations


You couldn't memorise any spells.
You didn't know any spells.
Your spell library was empty.

Dungeon Overview and Level Annotations

Branches:
Dungeon (0/15)

Altars:


Innate Abilities, Weirdness & Mutations

You have hooves in place of feet.
Armour fits poorly on your strangely shaped body.
You cover ground very quickly.
You have extremely tough skin. (AC +3)


Message History

You are engulfed in seething chaos.
Found 30 gold pieces and a metallic orange potion.
You now have 46 gold pieces (gained 30).
d - a metallic orange potion It was a potion of brilliance.
You feel clever all of a sudden.
A ynoxinul comes into view.
The ynoxinul bellows!
The ynoxinul gestures at you. The iron shot hits you!
Ouch! That really hurt!
* * * LOW HITPOINT WARNING * * *
A tentacle flies out from the starspawn's body!
A starspawn tentacle comes into view.
Unknown command.
An orange demon and a starcursed mass come into view.
The orange demon screeches!
A starcursed mass splits.
A chorus of shrieks assaults your mind.
You die...

## ###. ## #.#... ##
#.## §X#.. . ### ##
.X.##. ## ..# #4.#.#
.###.### # #.
##..#.##. .#...# .
#..§#...#..#..#.... .#
#......3.###. .#.###
#..##@.##..##.##..#..#
#.##...#.##.##....t...
.. ##....#..wX#..##.#
. .# #...###3####.. ..
# .##.#...# ..##. .#
## ...#.. #...##...
#.. ..# ### ##.
#.###.# ##...#. .. ##§
##. .


You could see 2 starcursed masses, an orange demon and a ynoxinul.

Vanquished Creatures (others)
  4 starspawn tentacles (Abyss:2)
4 creatures vanquished.

Notes
Turn   | Place    | Note
-------+----------+-------------------------------------------
     0 | Abyss:1  | Gargoyl the Centaur Abyssal Knight began the quest for the
                  | Orb.
     0 | Abyss:1  | Reached XP level 1. HP: 19/19 MP: 2/2
    49 | Abyss:2  | Noticed a flayed ghost
   123 | Abyss:2  | Noticed an ancient zyme
   155 | Abyss:2  | Noticed an apocalypse crab
   157 | Abyss:2  | Noticed a large abomination
   170 | Abyss:2  | Noticed a tentacled starspawn
   207 | Abyss:2  | Noticed a ynoxinul
   214 | Abyss:2  | Noticed an orange demon
   214 | Abyss:2  | Noticed a starcursed mass
   217 | Abyss:2  | Killed from afar by a starcursed mass

Levels and vault maps discovered:
Abyss:2

Action                   || total
-------------------------++-------
  Use: Scroll            ||     1
       Potion            ||     1

Table legend:
 A = Non-vault XP
 B = Vault XP
 C = Vault XP percentage of total XP
 D = Non-vault monster count
 E = Vault monster count
 F = Vault count percentage of total count
                 A         B        C        D         E       F
            +---------+---------+-------+---------+---------+-------
      Total |       0 |       0 |   N/A |       0 |       0 |  -nan
            +---------+---------+-------+---------+---------+-------
            +---------+---------+-------+---------+---------+-------
